Map: [TLMC15] Glittering Ashes

Players

Rogue

  • Race: Zerg Zerg

Zest - Winner!

  • Race: Protoss Protoss

Event: DreamHack SC2 Masters Last Chance 2022

VOD

Have the link to the VOD?

Description

Time

  • Played on: Jan. 11, 2022, 11:08 a.m.
  • Length: 10:17

All games in this series

Show
View Real Time Build Order
Export as new Build Order

Rogue Zerg 

Build Orders: Hatch First 

Get SALT Encoding   

  12  0:00  Drone  
  13  0:12  Overlord  
  13  0:16  Drone  
  14  0:31  Drone  
  15  0:41  Drone x2  
  17  0:50  Hatchery  
  17  0:54  Drone  
  17  0:58  Drone  
  18  1:08  Extractor  
  17  1:14  Spawning Pool  
  17  1:17  Drone  
  17  1:20  Drone  
  18  1:28  Drone  
  19  1:40  Drone  
  20  1:49  Overlord  
  20  2:01  Zergling x2  
  20  2:02  Queen x2  
  20  2:03  Zergling x2  
  26  2:10  Drone  
  26  2:13  Metabolic Boost  
  26  2:15  Drone  
  28  2:23  Drone  
  28  2:24  Drone  
  30  2:32  Drone  
  30  2:35  Drone  
  32  2:42  Hatchery  
  31  2:49  Queen  
  31  2:50  Zergling x2  
  34  2:54  Overlord  
  34  2:56  Drone  
  34  2:57  Drone  
  35  3:12  Drone  
  36  3:13  Drone x3, Queen  
  36  3:16  Drone  
  36  3:17  Zergling x2  
  43  3:23  Spore Crawler  
  43  3:25  Zergling x2  
  43  3:27  Overlord  
  43  3:45  Overlord  
  43  3:47  Drone x6  
  43  3:48  Drone  
  50  3:54  Queen x2  
  54  3:58  Drone  
  54  4:02  Drone x2  
  57  4:05  Spore Crawler  
  57  4:07  Spore Crawler  
  54  4:11  Drone x4  
  54  4:12  Drone  
  57  4:20  Drone x3  
  57  4:23  Drone  
  61  4:26  Overlord  
  61  4:27  Drone x4  
  61  4:30  Overlord  
  65  4:35  Overlord  
  65  4:37  Lair  
  64  4:41  Zergling x2  
  64  4:42  Extractor  
  64  4:45  Extractor x2  
  63  4:46  Zergling x6  
  63  4:48  Drone, Queen  
  63  4:51  Drone  
  69  4:54  Queen  
  69  4:59  Drone  
  75  5:00  Drone x4  
  75  5:01  Drone x2  
  75  5:05  Drone  
  79  5:09  Drone x6  
  79  5:12  Drone  
  86  5:14  Extractor x2  
  86  5:17  Roach Warren  
  83  5:22  Drone x2  
  83  5:31  Drone x6  
  83  5:32  Overlord x2  
  89  5:37  Overlord  
  89  5:40  Drone  
  90  5:44  Pneumatized Carapace  
  90  5:48  Overseer  
  90  5:49  Evolution Chamber, Overlord  
  89  5:50  Queen  
  89  5:55  Hatchery  
  90  6:00  Drone  
  90  6:01  Drone x4, Infestation Pit  
  90  6:03  Drone x2  
  95  6:07  Drone  
  95  6:09  Overlord  
  95  6:19  Drone  
  95  6:20  Drone x8  
  95  6:24  Drone, Overlord  
  105  6:26  Spire  
  105  6:27  Overseer  
  105  6:30  Queen  
  106  6:33  Drone x4  
  109  6:40  Zergling x10  
  109  6:41  Pathogen Glands  
  114  6:48  Hive, Extractor  
  114  6:49  Extractor  
  114  6:53  Overlord  
  112  6:55  Drone  
  112  6:56  Overlord  
  112  6:59  Drone  
  114  7:01  Queen  
  116  7:08  Overseer  
  116  7:09  Overlord  
  116  7:11  Drone  
  116  7:12  Queen  
  116  7:14  Spore Crawler  
  117  7:23  Zerg Missile Weapons Level 1  
  117  7:24  Infestor  
  117  7:25  Infestor x3  
  117  7:26  Infestor  
  117  7:28  Drone x3  
  130  7:37  Queen  
  130  7:43  Corruptor x5  
  142  7:51  Overlord x2  
  142  7:55  Drone x2, Hatchery  
  143  8:00  Spore Crawler x3  
  143  8:01  Viper x2, Spore Crawler  
  143  8:04  Greater Spire  
  145  8:06  Drone x8  
  152  8:17  Drone  
  152  8:18  Drone  
  154  8:29  Overlord  
  154  8:31  Spore Crawler  
  153  8:35  Overlord  
  153  8:39  Overlord  
  153  8:43  Drone x3  
  153  8:45  Ultralisk Cavern, Extractor  
  153  8:46  Drone x3, Extractor  
  156  8:48  Drone, Evolution Chamber  
  156  8:49  Drone  
  156  8:50  Evolution Chamber  
  156  9:03  Zergling x20  
  156  9:06  Baneling Nest, Spore Crawler x2  
  156  9:07  Hatchery  
  156  9:09  Spore Crawler x3  
  159  9:10  Spore Crawler  
  158  9:17  Brood Lord x5  
  158  9:24  Drone x3  
  169  9:52  Zergling x2  
  169  9:53  Zergling x6  
Show
View Real Time Build Order
Export as new Build Order

Zest Protoss - Winner!

Build Orders: 1 Gate Expand, Oracle Opening 

Get SALT Encoding   

  12  0:00  Probe  
  13  0:12  Probe  
  14  0:19  Pylon  
  14  0:24  Probe  
  15  0:37  Probe (Chrono Boost)  
  15  0:40  Gateway  
  16  0:47  Probe (Chrono Boost)  
  17  0:50  Assimilator  
  17  0:52  Probe (Chrono Boost)  
  18  1:03  Probe  
  19  1:16  Probe  
  20  1:27  Nexus  
  20  1:36  Cybernetics Core  
  20  1:40  Probe  
  20  1:44  Assimilator  
  21  1:52  Probe  
  22  1:55  Pylon  
  22  2:04  Probe (Chrono Boost)  
  23  2:13  Adept  
  26  2:15  Probe (Chrono Boost)  
  26  2:18  Stargate  
  26  2:20  Probe (Chrono Boost)  
  27  2:26  Warp Gate  
  27  2:32  Probe (Chrono Boost)  
  28  2:38  Probe (Chrono Boost)  
  28  2:43  Adept  
  31  2:48  Probe x2 (Chrono Boost)  
  32  2:52  Void Ray (Chrono Boost)  
  32  2:53  Probe (Chrono Boost)  
  32  2:54  Probe  
  34  3:05  Probe  
  39  3:07  Probe  
  40  3:15  Pylon  
  40  3:17  Probe  
  40  3:19  Probe  
  42  3:20  Gateway  
  42  3:25  Oracle (Chrono Boost)  
  42  3:31  Probe  
  42  3:33  Probe  
  47  3:43  Probe  
  47  3:45  Probe  
  49  3:50  Nexus  
  49  3:53  Pylon  
  49  3:59  Assimilator  
  49  4:01  Probe x2  
  51  4:03  Assimilator  
  51  4:13  Probe x2  
  51  4:14  Stargate  
  53  4:24  Pylon  
  53  4:25  Protoss Air Weapons Level 1, Probe x2 (Chrono Boost)  
  55  4:35  Probe x2 (Chrono Boost)  
  55  4:37  Void Ray  
  57  4:40  Probe x2 (Chrono Boost)  
  57  4:43  Forge  
  63  4:51  Probe (Chrono Boost)  
  63  4:52  Probe (Chrono Boost)  
  65  5:03  Probe (Chrono Boost)  
  65  5:04  Probe (Chrono Boost)  
  65  5:05  Robotics Facility  
  68  5:07  Shield Battery  
  68  5:09  Probe (Chrono Boost)  
  68  5:13  Void Ray, Probe x2 (Chrono Boost)  
  70  5:14  Void Ray  
  81  5:21  Probe x2 (Chrono Boost)  
  81  5:22  Probe (Chrono Boost)  
  81  5:23  Pylon  
  81  5:28  Probe (Chrono Boost)  
  83  5:30  Probe x2 (Chrono Boost)  
  83  5:33  Pylon  
  83  5:34  Probe  
  85  5:36  Assimilator  
  85  5:38  Assimilator  
  85  5:41  Probe x2  
  85  5:42  Stargate  
  87  5:46  Probe  
  87  5:48  Fleet Beacon  
  88  5:51  Pylon  
  88  5:54  Probe  
  88  5:55  Pylon  
  88  5:56  Photon Cannon  
  89  6:09  Observer (Chrono Boost)  
  90  6:12  Robotics Bay  
  90  6:14  Gateway  
  90  6:16  Pylon  
  90  6:18  Probe x3  
  93  6:33  Nexus  
  93  6:35  Carrier x2 (Chrono Boost)  
  105  6:41  Pylon  
  105  6:44  Pylon  
  105  6:50  Carrier (Chrono Boost)  
  111  7:00  Photon Cannon  
  111  7:04  Gateway x2  
  111  7:10  Twilight Council  
  111  7:11  Disruptor  
  111  7:12  Probe x2  
  111  7:14  Probe  
  117  7:16  Protoss Ground Weapons Level 1  
  117  7:22  Pylon  
  117  7:23  Observer  
  117  7:24  Void Ray (Chrono Boost)  
  117  7:25  Void Ray (Chrono Boost)  
  117  7:27  Probe  
  117  7:28  Probe x2  
  128  7:39  Void Ray  
  128  7:42  Gateway x2  
  128  7:46  Gateway  
  128  7:47  Gateway  
  132  7:51  Templar Archives  
  132  7:52  Gateway  
  132  7:53  Gateway  
  132  8:03  Photon Cannon, Shield Battery  
  132  8:04  Charge (Chrono Boost)  
  132  8:05  Shield Battery  
  132  8:09  Disruptor (Chrono Boost)  
  135  8:14  Photon Cannon  
  135  8:16  Gateway, Shield Battery  
  135  8:17  Gateway, Shield Battery  
  135  8:23  Pylon  
  135  8:28  High Templar  
  135  8:29  High Templar  
  135  8:30  Zealot x2  
  143  8:35  Archon  
  143  8:37  Shield Battery  
  143  8:38  Shield Battery  
  142  8:43  High Templar  
  142  8:44  Zealot x2, High Templar  
  142  8:45  Warp Prism (Chrono Boost)  
  142  8:47  Pylon  
  152  8:48  Archon  
  152  8:55  Sentry  
  152  8:56  Zealot x3  
  152  9:01  Pylon  
  160  9:02  Pylon  
  160  9:03  Zealot x2  
  160  9:04  Pylon  
  160  9:09  High Templar x2  
  168  9:10  Zealot  
  168  9:14  Assimilator, Archon  
  168  9:15  Zealot  
  172  9:17  Assimilator  
  172  9:20  Zealot x6  
  163  9:47  Zealot x12  
  176  10:10  Zealot x2, High Templar x4  
  176  10:11  Zealot x6  

Tags
 
Add a new tag
Caveats
  • Supply blocks, unpowered buildings, or Contaminate may cause inaccurate times.
  • Supply counts are checked every 10 seconds.